 Dungeon Crawl Stone Soup version 0.17.1-1-g73c8601 (console) character file.

285 Kloppie the Skirmisher (level 6, -3/58 HPs)
             Began as a Minotaur Fighter on Dec 15, 2015.
             Was an Initiate of Makhleb.
             Slain by an ogre
             ... wielding a +0 giant club
              (26 damage)
             ... on level 4 of the Dungeon.
             The game lasted 00:05:11 (2739 turns).

Kloppie the Skirmisher (Minotaur Fighter)           Turns: 2739, Time: 00:05:11

Health: -3/58      AC: 10    Str: 22    XL:     6   Next: 7%
Magic:  5/5        EV:  7    Int:  5    God:    Makhleb [......]
Gold:   190        SH:  9    Dex: 10    Spells: 0 memorised, 5 levels left

rFire  . . .     SeeInvis .     a - +0 long sword
rCold  . . .     Clarity  .     b - +0 scale mail
rNeg   . . .     SustAt   .     c - +0 shield
rPois  .         Gourm    .     (helmet restricted)
rElec  .         Spirit   .     (no cloak)
rCorr  .         Warding  .     (no gloves)
rMut   .         Stasis   .     u - +2 pair of boots
MR     .....                    (no amulet)
Stlth  ..........               (no ring)
                                (no ring)

@: not resistant to hostile enchantments, extremely unstealthy
A: retaliatory headbutt, horns 2
a: Renounce Religion


You were on level 4 of the Dungeon.
You worshipped Makhleb.
Makhleb was noncommittal.
You were not hungry.

You visited 1 branch of the dungeon, and saw 4 of its levels.

You collected 190 gold pieces.

Inventory:

Hand Weapons
 a - a +0 long sword (weapon)
Armour
 b - a +0 scale mail (worn)
 c - a +0 shield (worn)
 u - a +2 pair of boots (worn)
Scrolls
 j - a scroll of immolation {unknown}
 k - a scroll of blinking {unknown}
 m - a scroll of random uselessness {unknown}
 n - a scroll of identify {unknown}
 o - 3 scrolls of remove curse {unknown}
 r - 3 scrolls of enchant weapon {unknown}
 v - 3 scrolls of enchant armour {unknown}
Potions
 d - 2 potions of might
 f - 2 potions of lignification {unknown}
 h - a potion of mutation {unknown}
 i - a potion of magic {unknown}
 p - a potion of resistance {unknown}
 s - 2 potions of brilliance {unknown}
 t - 4 potions of curing {unknown}
Comestibles
 e - 6 bread rations
 g - a beef jerky
 l - a slice of pizza
 w - a meat ration


   Skills:
 + Level 6.4 Fighting
 + Level 5.5 Long Blades
 - Level 3.6 Armour
 - Level 3.6 Shields


You had 5 spell levels left.
You didn't know any spells.

Dungeon Overview and Level Annotations

Branches:
Dungeon (4/15)
 Temple: D:4-7

Altars:
Makhleb
Nemelex Xobeh
Ru


Innate Abilities, Weirdness & Mutations

You reflexively headbutt those who attack you in melee.
You have a pair of horns on your head.


Message History

You open the door.
There is an open door here.
An ogre comes into view. It is wielding a giant club.
The ogre shouts!
The ogre hits you with a giant club!
Found a scroll labeled HAUQUZ MALAPI.
You slash the ogre!
The ogre is moderately wounded.
The ogre hits you with a giant club!!
* * * LOW HITPOINT WARNING * * *
You are too injured to fight recklessly!
You are too injured to fight recklessly!
You are too injured to fight recklessly!
You hit the ogre.
The ogre is moderately wounded.
You block the ogre's attack.
You hit the ogre. You headbutt the ogre.
The ogre is heavily wounded.
The ogre hits you with a giant club!!
You die...

..<.............#.........#....#.
................#.........#....##
................#.........#....#.
................#.........#....#.
................######....#....#.
...##########........#....#....'.
...# #........#....#....#. ...#
#........###'##....## ...#
#...@.........#....# ...#
#....O........#....# ...#
#.............#....# ...#
#.............#....# ..##
##'######.....#....# ..# ...
#.....#....# ..# ... #.>...#....#
..# ...? #.....#....# ..#
#.....#....#


You could see an ogre.

Vanquished Creatures
  A scorpion (D:3)
  A giant frog skeleton (D:4)
  2 orc wizards (D:3)
  Jessica (D:3)
  An adder (D:4)
  2 oozes
  An adder zombie (D:3)
  4 worms
  2 giant geckos (D:1)
  7 orcs (D:3)
  6 bats
  2 giant cockroaches
  12 goblins
  15 hobgoblins
  10 jackals
  2 ball pythons
  3 giant newts
  10 kobolds
  5 rats
87 creatures vanquished.

Notes
Turn   | Place    | Note
--------------------------------------------------------------
     0 | D:1      | Kloppie the Minotaur Fighter began the quest for the Orb.
     0 | D:1      | Reached XP level 1. HP: 19/19 MP: 0/0
   153 | D:1      | Reached XP level 2. HP: 20/27 MP: 1/1
   173 | D:1      | Reached skill level 4 in Fighting
   949 | D:1      | Reached XP level 3. HP: 31/33 MP: 2/2
  1917 | D:3      | Reached XP level 4. HP: 41/41 MP: 3/3
  1933 | D:3      | Reached skill level 5 in Fighting
  2081 | D:3      | Reached XP level 5. HP: 48/48 MP: 4/4
  2177 | D:3      | Found a sparkling altar of Nemelex Xobeh.
  2179 | D:3      | Noticed a scorpion
  2192 | D:3      | Killed a scorpion
  2192 | D:3      | Reached skill level 5 in Long Blades
  2276 | D:3      | Noticed Jessica
  2294 | D:3      | Killed Jessica
  2294 | D:3      | Reached skill level 6 in Fighting
  2356 | D:3      | Found a burning altar of Makhleb.
  2361 | D:3      | Became a worshipper of Makhleb the Destroyer
  2380 | D:3      | Found a sacrificial altar of Ru.
  2476 | D:4      | Reached XP level 6. HP: 40/58 MP: 5/5
  2739 | D:4      | Slain by an ogre

Action                   |  1- 3 |  4- 6 || total
-------------------------+-------+-------++-------
Melee: Long sword        |   105 |   105 ||   210
  Eat: Chunk             |     3 |     3 ||     6
